 Dungeon Crawl Stone Soup version 0.30-a0-913-g9934a0ce24 (webtiles) character file.

Game seed: 12520756781095670630

99 cheesebisquit the Shield-Bearer (level 4, -5/45 HPs)
             Began as a Troll Fighter on Mar 19, 2023.
             Slain by a gnoll
             ... wielding a +0 halberd
              (9 damage)
             ... on level 2 of the Dungeon.
             The game lasted 00:04:23 (952 turns).

cheesebisquit the Shield-Bearer (Troll Fighter)      Turns: 952, Time: 00:04:23

Health: -5/45      AC:  6    Str: 26    XL:     4   Next: 45%
Magic:  3/3        EV:  8    Int:  4    God:
Gold:   98         SH:  8    Dex:  9    Spells: 3/3 levels left

rFire   + . .      SeeInvis .      - Unarmed
rCold   . . .      Faith    .    b - +0 kite shield
rNeg    . . .      Spirit   .    l - +2 robe {rF+}
rPois   .          Reflect  .    (helmet restricted)
rElec   .          Rampage  .    (no cloak)
rCorr   .                        (gloves unavailable)
Will    .....                    (boots unavailable)
Stlth   +                        (no amulet)
HPRegen 1.07/turn                (no ring)
MPRegen 0.08/turn                (no ring)

@: mighty
A: large, unfitting armour, claws 3, regeneration 1, shaggy fur 1, tough skin 1
a: no special abilities


You were on level 2 of the Dungeon.
You visited 1 branch of the dungeon, and saw 2 of its levels.

You collected 98 gold pieces.

Inventory:

Armour
 b - a +0 kite shield (worn)
 l - a +2 robe of fire resistance (worn)
Wands
 k - a wand of roots (3)
Scrolls
 d - a scroll of enchant weapon {unknown}
 f - a scroll of noise {unknown}
 j - 2 scrolls of amnesia {unknown}
Potions
 a - a potion of brilliance {unknown}
 e - 2 potions of mutation {unknown}
 g - 2 potions of curing {unknown}
 h - a potion of heal wounds {unknown}
 i - a potion of haste {unknown}


   Skills:
 + Level 3.1 Fighting
 - Level 2.4 Dodging
 + Level 3.5 Shields
 + Level 3.1 Unarmed Combat


You had 3 spell levels left.
You didn't know any spells.
Your spell library contained the following spells:

 Spells                   Type           Power      Damage    Failure   Level
 Blink                    Tloc           0%         N/A       90%         2
 Vhi's Electric Charge    Tloc/Air       0%         N/A       99%         3
 Manifold Assault         Tloc           0%         N/A       100%        4
 Arcjolt                  Conj/Air       0%         1d10      100%        5
 Storm Form               Tmut/Air       0%         N/A       100%        7
 Maxwell's Capacitive Co  Air            0%         ∞         100%        8


Dungeon Overview and Level Annotations

Branches:
Dungeon (2/15)

Altars:


Innate Abilities, Weirdness & Mutations

You are too large for most types of armour.
You have claws for hands.
Your natural rate of healing is unusually fast.
You are covered in fur. (AC +1)
You have tough skin. (AC +1)


Message History

You block the kobold's attack. The gnoll completely misses you.
The gnoll hits you but does no damage. The kobold barely misses you.
You block the gnoll's attack. The gnoll hits you with a +0 club.
The gnoll completely misses you.
You barely miss the gnoll. The gnoll hits you with a +0 club.
The kobold closely misses you. The gnoll hits you with a +0 club.
The gnoll hits you from afar with a +0 halberd.
You claw the gnoll!
You kill the gnoll!
The gnoll barely misses you. You block the gnoll's attack.
The kobold hits you with a +0 club.
You scratch the gnoll.
The gnoll is moderately wounded.
You block the gnoll's attack.
The gnoll hits you from afar with a +0 halberd!
The kobold closely misses you.
You scratch the gnoll.
The gnoll is moderately wounded.
The gnoll hits you with a +0 club. You block the gnoll's attack.
The kobold barely misses you.
You claw the gnoll!
You kill the gnoll!
You block the gnoll's attack. The kobold barely misses you.
You closely miss the kobold. You block the gnoll's attack.
The kobold hits you but does no damage.
You scratch the kobold but do no damage.
The gnoll hits you but does no damage. The kobold hits you with a +0 club.
You completely miss the kobold.
The gnoll hits you from afar with a +0 halberd.
* * * LOW HITPOINT WARNING * * *
You block the kobold's attack.
You scratch the kobold.
You kill the kobold!
The gnoll hits you from afar with a +0 halberd.
* * * LOW HITPOINT WARNING * * *
You feel very mighty all of a sudden.
The gnoll hits you from afar with a +0 halberd.
* * * LOW HITPOINT WARNING * * *
The gnoll hits you with a +0 halberd!
You die...

#.# #.......#
#.############.#
###.... #.#. ......
... ....# ... ....#
####.## ....+ #.....
....# #.##g# #####
.#####.#)@# .#####
.........)#.## .....#
#####........#
#....###............#
#......#.###.######.#
#....#.#.##..# .#
#....#.#....## #
#....#....###
#######.>.#


You could see a gnoll.

Vanquished Creatures
  Jessica (D:2)
  2 gnolls (D:2)
  3 dart slugs (D:1)
  4 bats
  4 endoplasms (D:1)
  2 goblins (D:1)
  3 hobgoblins
  4 jackals (D:1)
  3 quokkas (D:1)
  7 ball pythons
  3 frilled lizards (D:1)
  7 kobolds
  A rat (D:1)
44 creatures vanquished.

Notes
Turn   | Place    | Note
-------+----------+-------------------------------------------
     0 | D:1      | cheesebisquit the Troll Fighter began the quest for the
                  | Orb.
     0 | D:1      | Reached XP level 1. HP: 22/22 MP: 0/0
    82 | D:1      | You fall into a shaft and drop 1 floor!
   127 | D:1      | Reached XP level 2. HP: 29/29 MP: 1/1
   390 | D:1      | Found a faded altar of an unknown god.
   403 | D:1      | Reached XP level 3. HP: 36/36 MP: 2/2
   856 | D:2      | Noticed Jessica
   865 | D:2      | Killed Jessica
   866 | D:2      | Reached XP level 4. HP: 37/45 MP: 3/3
   952 | D:2      | Slain by a gnoll

Illustrated notes

Levels and vault maps discovered:
D:1:      dpeg_arrival_renting, layout_loops_ring,
          ebering_ecumenical_altar_webs, corexii_item_surrounded_by_moat,
          minmay_nonomino_d4
D:2:      layout_basic, uniq_sigmund, uniq_jessica

Skill      XL: |  1  2  3 |
---------------+----------+-----
Shields        | 3 |  3.5
Fighting       | 3 |  3.1
Unarmed Combat | 3 |  3.1
Dodging        | |  2.4

Action                     |  1- 3 |  4- 6 || total
---------------------------+-------+-------++-------
  Melee: Unarmed           |    92 |    21 ||   113
    Use: Potion            |       |     1 ||     1
   Stab: Sleeping          |     1 |       ||     1
 Armour: Robe              |    24 |     7 ||    31
  Dodge: Dodged            |    32 |    21 ||    53
  Block: Kite shield       |    24 |    14 ||    38

Table legend: (Time is in decaauts)
 A = Elapsed time spent in this place.
 B = Non-inter-level travel time spent in this place.
 C = Inter-level travel time spent in this place.
 D = Time resting spent in this place.
 E = Time spent auto-exploring this place.
 F = Levels seen in this place.
 G = Mean time per level.
                   A        B        C        D        E       F      G
               +--------+--------+--------+--------+--------+-----+--------+
         Total |    961 |    945 |     16 |      0 |    668 |   2 |  480.5 |
       Dungeon |    961 |    945 |     16 |      0 |    668 |   2 |  480.5 |
               +--------+--------+--------+--------+--------+-----+--------+

Top non-repeatable levels by time:
     D:1: 848 daAuts
     D:2: 113 daAuts
